 Dungeon Crawl Stone Soup version 0.29-a0-397-g846e4a0bbc (webtiles) character file.

Game seed: 7408563531657271593

84354 quinnr the Stormcaller (level 15, -11/92 HPs)
             Began as a Tengu Air Elementalist on May 11, 2022.
             Was a High Priest of Vehumet.
             Mangled by a cyclops (17 damage)
             ... on level 1 of the Orcish Mines.
             The game lasted 01:08:50 (34607 turns).

quinnr the Stormcaller (Tengu Air Elementalist)    Turns: 34607, Time: 01:08:50

Health: -11/92     AC:  8    Str: 10    XL:     15   Next: 80%
Magic:  24/28      EV: 26    Int: 21    God:    Vehumet [*****.]
Gold:   2132       SH:  8    Dex: 18    Spells: 18/30 levels left

rFire   + . .      SeeInvis .   S - staff of air
rCold   . . .      Faith    .   j - +3 buckler {reflect}
rNeg    . . .      Spirit   .   I - +1 robe {rF+}
rPois   +          Reflect  +   (helmet restricted)
rElec   +          Harm     .   v - +1 cloak {rPois}
rCorr   .          Rampage  .   y - +2 pair of gloves {Dex+3}
Will    ++...                   (boots unavailable)
Stlth   ++++......              w - amulet of magic regeneration
HPRegen 0.25/turn               m - ring of wizardry
MPRegen 0.61/turn               U - ring of willpower

@: flying quickly and evasively, quick
A: beak, talons 3, nimble flight
a: Renounce Religion


You were on level 1 of the Orcish Mines.
You worshipped Vehumet.
Vehumet was extremely pleased with you.
You visited 4 branches of the dungeon, and saw 22 of its levels.
You also visited: Volcano.

You collected 2532 gold pieces.
You spent 400 gold pieces at shops.

Inventory:

Missiles
 d - 6 throwing nets
 o - 41 poisoned darts
Armour
 e - the +1 leather armour of the Slorg {+Inv}
   (You found it on level 5 of the Dungeon)

   +Inv:      It lets you turn invisible.
 j - a +3 buckler of reflection (worn)
 l - a scarf of resistance
 v - a +1 cloak of poison resistance (worn)
 y - a +2 pair of gloves of dexterity (worn)
 I - a +1 robe of fire resistance (worn)
Magical Staves
 i - a staff of death
 F - a staff of conjuration
 S - a staff of air (weapon)
Jewellery
 m - a ring of wizardry (left hand)
 u - an amulet of guardian spirit
 w - an amulet of magic regeneration (around neck)
 J - a ring of magical power
 K - a ring of protection from cold
 T - a +6 ring of dexterity
 U - a ring of willpower (right hand)
 X - a +6 ring of strength
Wands
 a - a wand of acid (1)
 r - a wand of flame (1)
 G - a wand of paralysis (6)
 N - a wand of charming (4)
 O - a wand of digging (5)
 W - a wand of iceblast (11)
Scrolls
 k - 11 scrolls of teleportation
 n - a scroll of noise
 p - 2 scrolls of silence
 q - 6 scrolls of blinking
 C - 2 scrolls of immolation
 D - 3 scrolls of torment
 E - a scroll of brand weapon
 H - a scroll of fear
 M - 4 scrolls of fog
 Y - 2 scrolls of magic mapping
 Z - 2 scrolls of identify
Potions
 b - 4 potions of magic
 c - 3 potions of degeneration
 f - 5 potions of resistance
 g - 9 potions of heal wounds
 h - 5 potions of might
 s - 2 potions of berserk rage
 t - 5 potions of flight
 x - 5 potions of curing
 z - 2 potions of invisibility
 A - 2 potions of ambrosia
 L - 2 potions of brilliance
 P - 2 potions of mutation
 Q - 3 potions of haste
 R - 6 potions of lignification
 V - a potion of attraction
Miscellaneous
 B - a condenser vane


   Skills:
 - Level 10.0 Fighting
 - Level 3.0 Armour
 + Level 15.1 Dodging
 + Level 8.7 Stealth
 - Level 4.0 Shields
 - Level 8.0 Spellcasting
 - Level 10.0 Conjurations
 + Level 20.1 Air Magic
 - Level 7.0 Evocations


You had 18 spell levels left.
You knew the following spells:

 Your Spells              Type           Power      Damage    Failure   Level
a - Shock                 Conj/Air       100%       1d9       0%          1
b - Static Discharge      Conj/Air       82%        N/A       1%          2
c - Airstrike             Air            48%        N/A       1%          4
d - Lightning Bolt        Conj/Air       41%        1d60      1%          5

Your spell library contained the following spells:

 Spells                   Type           Power      Damage    Failure   Level
 Eringya's Noxious Bog    Tmut/Pois      4%         N/A       75%         6
 Swiftness                Air            96%        N/A       0%          3
 Freeze                   Ice            32%        1d5       1%          1
 Sandblast                Erth           16%        2d6       1%          1
 Conjure Flame            Conj/Fire      29%        6-21      1%          3
 Stone Arrow              Conj/Erth      58%        3d10      1%          3
 Hailstorm                Conj/Ice       29%        3d8       1%          4
 Sticky Flame             Conj/Fire      29%        2d5       1%          4
 Frozen Ramparts          Ice            16%        1d3       3%          3
 Ignite Poison            Fire/Tmut/Pois 8%         N/A       3%          3
 Inner Flame              Hex/Fire       8%         N/A       3%          3
 Summon Small Mammal      Summ           32%        N/A       4%          1
 Blink                    Tloc           16%        N/A       6%          2
 Passwall                 Tmut/Erth      6%         N/A       6%          2
 Call Canine Familiar     Summ           8%         N/A       12%         3
 Lesser Beckoning         Tloc           8%         N/A       12%         3
 Summon Guardian Golem    Hex/Summ       8%         N/A       12%         3
 Iron Shot                Conj/Erth      14%        9d4       21%         6
 Animate Armour           Summ/Erth      16%        N/A       36%         4
 Cause Fear               Hex            4%         N/A       36%         4
 Ice Form                 Ice/Tmut       8%         N/A       36%         4
 Summon Ice Beast         Ice/Summ       8%         N/A       36%         4
 Blade Hands              Tmut           4%         N/A       69%         5
 Manifold Assault         Tloc           8%         N/A       69%         5
 Summon Mana Viper        Hex/Summ       8%         N/A       69%         5
 Simulacrum               Ice/Necr       4%         N/A       99%         6
 Lehudib's Crystal Spear  Conj/Erth      14%        10d5      99%         8
 Monstrous Menagerie      Summ           4%         N/A       100%        7
 Discord                  Hex            4%         N/A       100%        8


Dungeon Overview and Level Annotations

Branches:
Dungeon (13/15)            Temple (1/1) D:4            Lair (6/6) D:8
  Swamp (0/4) Lair:3        Snake (0/4) Lair:4        Slime (0/5) Lair:5
    Orc (2/2) D:12         Vaults (0/5) D:13        Volcano (visited)
    Elf: Orc:2

Altars:
Ashenzari
Cheibriados
Dithmenos
Elyvilon
Fedhas
Gozag
Hepliaklqana
Kikubaaqudgha
Makhleb
Nemelex Xobeh
Okawaru
Qazlal
Ru
Sif Muna
Trog
Uskayaw
Vehumet
Wu Jian
Xom
Yredelemnul
Zin
The Shining One

Shops:
D:4 *   D:6 !   D:13 =   Orc:2 (?

Portals:
Trove: D:12 (lose all piety)

Annotations:
D:6 1 runed translucent door, bande's ghost, novice GrFi


Innate Abilities, Weirdness & Mutations

You have a beak for a mouth.
You have claws for feet.
Your magical nature lets you fly swiftly and evasively.


Message History

The cyclops is lightly wounded.
You resist.
You are struck by an arc of lightning.
The two-headed ogre is struck by an arc of lightning!
The two-headed ogre is lightly wounded.
The lightning grounds out.
The two-headed ogre is struck by an arc of lightning!
The two-headed ogre is heavily wounded.
You resist.
You are struck by an arc of lightning.
The cyclops completely misses you.
Casting: Static Discharge (safe; 1% risk of failure)
Confirm with . or Enter, or press ? or * to list all spells.
You feel a surge of power!
The cyclops is struck by an arc of lightning!
The cyclops is moderately wounded.
You resist.
You are struck by an arc of lightning.
The two-headed ogre is struck by an arc of lightning!
The two-headed ogre is heavily wounded.
You resist.
You are struck by an arc of lightning.
The two-headed ogre closely misses you.
The two-headed ogre hits you with a +0 giant spiked club!!
You block the cyclops's attack.
Unknown command.
Casting: Static Discharge (safe; 1% risk of failure)
Confirm with . or Enter, or press ? or * to list all spells.
You feel a surge of power!
The cyclops is struck by an arc of lightning!
The cyclops is severely wounded.
The lightning grounds out.
The two-headed ogre is struck by an arc of lightning.
The two-headed ogre is severely wounded.
You resist.
You are struck by an arc of lightning.
The two-headed ogre is struck by an arc of lightning.
The two-headed ogre is severely wounded.
The lightning grounds out.
The two-headed ogre hits you with a +0 giant club!!
* * * LOW HITPOINT WARNING * * *
The two-headed ogre hits you with a +0 giant spiked club!
* * * LOW HITPOINT WARNING * * *
The cyclops hits you!
You die...

##.....#.).........##.#.#.#...##.
##....#).[........###.######...##
#.......)..............# ##.##
##....................## ###
.#.#...................##
.........).#............#
.....#...............#.##
.#...........#......#.## ###
#......).....[..@O.....# ##.##
.#.............C....#..###...## #
........#[..............###.#.###
.......................###.....#.
#....##............#..##......#..
.....#...##...............)....#.
..#...#.#.#.....)........[......#
..##.###.........................
..#### ##................###.....


You could see a two-headed ogre and a cyclops.

Vanquished Creatures
  An orc warlord (Orc:2)
  An ettin (Orc:1)
  A fire dragon (Volcano)
  Josephine (D:11)
  A rakshasa (D:13)
  3 boulder beetles
  6 hydras
  3 catoblepae (Lair:6)
  Erica (D:8)
  2 dancing weapons (D:13)
  10 death yaks (Lair:6)
  7 two-headed ogres
  A tengu warrior (D:13)
  Urug (Lair:2)
  Nergalle (Lair:4)
  4 skeletal warriors (D:12)
  A deep troll (Orc:2)
  A deep elf pyromancer (D:13)
  3 lindwurms (Volcano)
  3 orc knights
  3 manticores
  2 cyclopes
  6 elephants
  12 black mambas
  13 cane toads
  2 smoke demons (Volcano)
  A torpor snail (Lair:2)
  3 gargoyles
  2 unseen horrors (D:12)
  2 kobold demonologists (D:10)
  4 rime drakes
  7 komodo dragons
  A tengu conjurer (D:13)
  11 trolls
  4 polar bears
  A tyrant leech (Lair:3)
  19 blink frogs
  Sigmund (D:3)
  5 dream sheep
  A shadow (D:11)
  6 wraiths (D:11)
  9 wyverns
  4 basilisks
  86 yaks
  6 vampire mosquitoes
  3 steam dragons (Volcano)
  5 wargs
  3 swamp worms (Lair:3)
  An acid dragon (D:9)
  13 water moccasins
  5 hell hounds (Volcano)
  16 orc warriors
  2 black bears
  3 ice beasts
  4 sky beasts
  9 ogres
  13 wolves
  11 centaurs
  2 phantoms
  2 necrophages
  7 kobold brigands
  13 bullfrogs
  5 scorpions
  10 wights
  24 killer bees
  2 vampire bats (Orc:1)
  An electric eel (D:12)
  7 howler monkeys
  2 jellies
  4 hounds
  3 orc priests
  Crazy Yiuf (D:3)
  4 gnoll shamans
  3 iguanas
  16 orc wizards
  4 hell rats (Lair:6)
  Robin (D:2)
  19 gnolls
  9 adders
  2 white imps (D:6)
  2 worms
  3 dart slugs
  77 orcs
  6 ball pythons
  6 endoplasms
  5 giant cockroaches
  17 goblins
  7 hobgoblins
  8 jackals
  18 kobolds
  4 quokkas
  10 bats
  5 frilled lizards
  5 rats
  2 butterflies (D:4)
667 creatures vanquished.

Vanquished Creatures (others)
  A cane toad (Lair:6)
  55 fungi
  78 plants
  2 withered plants (D:6)
136 creatures vanquished.

Grand Total: 803 creatures vanquished

Notes
Turn   | Place    | Note
-------+----------+-------------------------------------------
     0 | D:1      | quinnr the Tengu Air Elementalist began the quest for the
                  | Orb.
     0 | D:1      | Reached XP level 1. HP: 10/10 MP: 4/4
   438 | D:1      | Reached XP level 2. HP: 13/15 MP: 1/6
   713 | D:1      | Found a faded altar of an unknown god.
   881 | D:2      | Reached skill level 5 in Air Magic
   942 | D:2      | Reached XP level 3. HP: 19/19 MP: 3/7
  1191 | D:2      | Learned a level 2 spell: Static Discharge
  1378 | D:2      | Reached XP level 4. HP: 24/24 MP: 1/9
  1473 | D:2      | Reached skill level 6 in Air Magic
  2012 | D:2      | Gained mutation: Your magical nature lets you fly swiftly
                  | and evasively. [Tengu growth]
  2012 | D:2      | Reached XP level 5. HP: 23/28 MP: 5/10
  2836 | D:3      | Noticed Robin
  3000 | D:3      | Reached skill level 7 in Air Magic
  3169 | D:2      | Killed Robin
  3576 | D:3      | Noticed Sigmund
  3591 | D:3      | Killed Sigmund
  3592 | D:3      | Reached skill level 8 in Air Magic
  3592 | D:3      | Reached XP level 6. HP: 20/32 MP: 5/11
  3838 | D:3      | Found a blossoming altar of Fedhas.
  3844 | D:3      | Found an iron altar of Okawaru.
  4377 | D:3      | Found a runed translucent door.
  4378 | D:3      | Noticed Crazy Yiuf
  4459 | D:4      | Found a staircase to the Ecumenical Temple.
  4729 | Temple   | Entered the Ecumenical Temple
  4788 | Temple   | Became a worshipper of Vehumet
  4839 | D:4      | Reached skill level 9 in Air Magic
  4839 | D:4      | Reached XP level 7. HP: 24/36 MP: 2/12
  5078 | D:3      | Learned a level 4 spell: Airstrike
  5326 | D:3      | Killed Crazy Yiuf
  5327 | D:3      | Reached skill level 10 in Air Magic
  5481 | D:4      | Found Vovawn's Assorted Antiques.
  5938 | D:4      | Reached skill level 11 in Air Magic
  5938 | D:4      | Reached XP level 8. HP: 30/41 MP: 4/13
  6135 | D:5      | Entered Level 5 of the Dungeon
  6172 | D:5      | Identified the +0 robe "Ypin" {+Blink rC- Int+4}
  6212 | D:5      | Identified the +1 leather armour of the Slorg {+Inv}
  6659 | D:5      | Reached skill level 12 in Air Magic
  6690 | D:5      | Reached * piety under Vehumet
  6690 | D:5      | Offered knowledge of Foxfire by Vehumet.
  6958 | D:5      | Found a bloodstained altar of Trog.
  6958 | D:5      | Found a glowing silver altar of Zin.
  6965 | D:5      | Found a shimmering blue altar of Sif Muna.
  6967 | D:5      | Found a burning altar of Makhleb.
  6969 | D:5      | Found a snail-covered altar of Cheibriados.
  7205 | D:6      | Reached skill level 5 in Dodging
  7205 | D:6      | Reached XP level 9. HP: 45/45 MP: 11/16
  7947 | D:6      | Found a runed translucent door.
  7947 | D:6      | Noticed bande's ghost (novice GrFi)
  8036 | D:6      | Found Ydoafrec's Distillery.
  8291 | D:6      | Reached skill level 5 in Stealth
  8291 | D:6      | Reached skill level 5 in Spellcasting
  8882 | D:7      | Noticed a gargoyle
  8887 | D:7      | Killed a gargoyle
  8888 | D:7      | Reached skill level 1 in Fighting
  8888 | D:7      | Reached skill level 13 in Air Magic
  8951 | D:7      | Reached ** piety under Vehumet
  9070 | D:7      | Offered knowledge of Poisonous Vapours by Vehumet.
  9142 | D:7      | Reached XP level 10. HP: 54/54 MP: 13/18
  9550 | D:7      | Found a basalt altar of Yredelemnul.
 10158 | D:8      | Offered knowledge of Frozen Ramparts by Vehumet.
 10166 | D:8      | Reached skill level 5 in Fighting
 10228 | D:8      | Found a staircase to the Lair.
 10267 | D:8      | Reached *** piety under Vehumet
 10345 | D:8      | Noticed Erica
 10475 | D:8      | Killed Erica
 10476 | D:8      | Reached skill level 1 in Armour
 10710 | D:8      | Reached XP level 11. HP: 61/64 MP: 10/19
 11270 | D:9      | Offered knowledge of Sticky Flame by Vehumet.
 11577 | D:9      | Reached skill level 14 in Air Magic
 12397 | D:10     | Entered Level 10 of the Dungeon
 12437 | D:10     | Noticed a two-headed ogre
 12465 | D:10     | Killed a two-headed ogre
 12870 | D:10     | Reached **** piety under Vehumet
 13345 | D:10     | Noticed a two-headed ogre
 13891 | D:10     | Offered knowledge of Flame Wave by Vehumet.
 14399 | D:10     | Killed a two-headed ogre
 14400 | D:10     | Reached skill level 15 in Air Magic
 14483 | Lair:1   | Entered Level 1 of the Lair of Beasts
 15387 | Lair:1   | Noticed a four-headed hydra
 15393 | Lair:1   | Killed a four-headed hydra
 15394 | Lair:1   | Reached XP level 12. HP: 76/76 MP: 12/21
 15737 | Lair:1   | Identified the +1 ring mail of Guakla Qeqe {rPois rF+}
 15794 | Lair:1   | Reached skill level 5 in Conjurations
 16600 | Lair:2   | Reached ***** piety under Vehumet
 16621 | Lair:2   | Identified a scroll of acquirement
 16621 | Lair:2   | Acquired a +2 buckler of reflection
 16762 | Lair:2   | Noticed Urug
 16773 | Lair:2   | Killed Urug
 16774 | Lair:2   | Reached skill level 10 in Dodging
 16774 | Lair:2   | Reached skill level 1 in Shields
 16967 | Lair:2   | Offered knowledge of Starburst by Vehumet.
 16976 | Lair:2   | Found a dark tunnel.
 17005 | Volcano  | Entered a volcano
 17334 | Volcano  | Reached skill level 16 in Air Magic
 17941 | Volcano  | Noticed a fire dragon
 17948 | Volcano  | Killed a fire dragon
 18496 | D:4      | Bought a weird smoking staff for 240 gold pieces
 18497 | D:4      | Bought a scroll of identify for 40 gold pieces
 18497 | D:4      | Bought a scroll labelled BYDWUU QUHU for 20 gold pieces
 18558 | D:4      | Bought a tourmaline ring for 100 gold pieces
 18730 | Lair:2   | Reached XP level 13. HP: 77/80 MP: 23/23
 19130 | Lair:2   | Reached skill level 17 in Air Magic
 20254 | Lair:3   | Found a staircase to the Swamp.
 20915 | Lair:4   | Reached skill level 5 in Evocations
 21167 | Lair:4   | Found a staircase to the Snake Pit.
 21225 | Lair:4   | Noticed Nergalle
 21243 | Lair:4   | Killed Nergalle
 21552 | Lair:4   | Found a hide-covered altar of Uskayaw.
 21615 | Lair:4   | Identified the +4 scale mail of Prudence {*Slow rElec
                  | Str+2}
 21675 | Lair:4   | Reached skill level 18 in Air Magic
 22079 | Lair:5   | Found a blossoming altar of Fedhas.
 22218 | Lair:4   | Offered knowledge of Lightning Bolt by Vehumet.
 22378 | Lair:4   | Learned a level 5 spell: Lightning Bolt
 22393 | Lair:5   | Found a staircase to the Slime Pits.
 22518 | Lair:5   | Reached skill level 10 in Fighting
 22662 | Lair:5   | Reached XP level 14. HP: 76/88 MP: 16/24
 23159 | Lair:6   | Entered Level 6 of the Lair of Beasts
 24226 | Lair:6   | Reached skill level 19 in Air Magic
 24363 | Lair:6   | Offered knowledge of Ozocubu's Refrigeration by Vehumet.
 26101 | Lair:6   | Reached skill level 10 in Conjurations
 26893 | Lair:5   | quinnr: ??order
 26893 | Lair:5   | beem: hyperelliptic[1/2]: D:11 -> Lair -> D:12 -> Orc ->
                  | D:15 -> S:3 -> maybe other S:3 -> maybe Elf:1-2 -> get both
                  | S runes -> Vaults:4 -> maybe Crypt -> Depths:4 -> Vaults:5
                  | -> maybe Slime -> Zot ("S" means Shoals/Snake/Spider/Swamp)
 26893 | Lair:5   | quinnr: ??order[2
 26893 | Lair:5   | beem: sorear[6/7]: Do the closest level that you can
                  | handle. Use your brain.
 26893 | Lair:5   | quinnr: ??order[3
 26893 | Lair:5   | beem: Mintice[1/1]: Mintice's Ultimate ??order for 0.26
                  | Melee Chars: D:10 -> Lair -> Orc -> D:15 -> Snake or Spider
                  | -> Vaults:4 -> Swamp or Shoals -> (Optional Elf) -> Depths
                  | -> Slime -> Vaults:5 -> Zot:4 -> Ditch Oka or Trog and go
                  | TSO -> Crypt -> Hell Entrance -> Hells according to resists
                  | -> Pan -> Abyss -> Tomb -> Z:5 -> D:0
 26893 | Lair:5   | quinnr: ??order[4
 26893 | Lair:5   | beem: I don't have a page labeled order[4] in my learndb.
 27457 | D:11     | Noticed Josephine
 27824 | D:11     | Reached XP level 15. HP: 92/92 MP: 7/26
 27940 | D:11     | Killed Josephine
 28538 | D:11     | Found a hide-covered altar of Uskayaw.
 29623 | D:12     | Found a shimmering altar of Xom.
 29623 | D:12     | Found a shimmering altar of Xom.
 29623 | D:12     | Found a shimmering altar of Xom.
 29642 | D:12     | Found a portal to a secret trove of treasure.
 30411 | D:12     | Found a staircase to the Orcish Mines.
 31288 | D:13     | Found a gate to the Vaults.
 31323 | D:13     | Found Acsicuyn's Jewellery Emporium.
 32130 | Orc:1    | Entered Level 1 of the Orcish Mines
 32733 | Orc:1    | Offered knowledge of Eringya's Noxious Bog by Vehumet.
 33011 | Orc:2    | Entered Level 2 of the Orcish Mines
 33865 | Orc:2    | Noticed an orc warlord
 33871 | Orc:2    | Killed an orc warlord
 34045 | Orc:2    | Found Xiriatom's Antique Weapon Shoppe.
 34065 | Orc:2    | Found Tecsiuna's Magic Scroll Shoppe.
 34105 | Orc:2    | Reached skill level 15 in Dodging
 34105 | Orc:2    | Reached skill level 20 in Air Magic
 34607 | Orc:1    | HP: 6/92 [two-headed ogre/+0 giant club (11)]
 34607 | Orc:1    | Mangled by a cyclops

Illustrated notes

Levels and vault maps discovered:
D:1:      psy_arrival_spokes, layout_rooms, chequers_ecumenical_altar_island,
          patterned_corridor
D:2:      layout_rooms, serial_curves, eino_curves_02, eino_curves_04,
          eino_curves_03
D:3:      layout_loops_ring, mainiacjoe_overflow_small_starburst,
          fedhas_altar_3, minmay_quantized, uniq_crazy_yiuf_cottage, uniq_robin,
          uniq_sigmund
D:4:      layout_basic, minmay_temple_entry_butterflies, serial_shops,
          nicolae_shop_overgrown_old_shop
D:5:      layout_loops_ring, chequers_temple_overflow_minitemple,
          minmay_a_box_with_orc_wizards_in_it
D:6:      layout_basic, serial_shops, shop, gammafunk_ghost_grave
D:7:      nicolae_cairo_tiling, layout_loops_ring,
          nicolae_overflow_hidden_temple
D:8:      layout_rooms, lair_entry_dummy, dreamdust_gnoll_shepherd, uniq_erica
D:9:      layout_loops_corners, eino_tiny_chamber
D:10:     layout_roguey, kennysheep_dice
D:11:     layout_long_grid, nicolae_uskayaw_murder_on_the_dancefloor,
          uniq_josephine
D:12:     layout_loops_ring, david_orc_4, nicolae_trove_entry_crossroad,
          minmay_crystal_water, grunt_decor_one_mirror, corexii_corridor_pit,
          xom_shifter_show
D:13:     layout_irregular_city, erik_vaults_1, serial_shops, shop
Temple:   zaba_magenta_temple
Lair:1:   layout_cave_pods, minmay_shattered_shrine, lemuel_fruit_tree
Lair:2:   layout_loops_ring, nicolae_volcano_entry_lava_flow,
          grunt_forest_small_clearings, uniq_urug
Lair:3:   layout_chaotic_city, minmay_swamp_entry_worms
Lair:4:   layout_roguey, minmay_snake_entry_six_corridors, basic_altar,
          st_stairs_3, uniq_nergalle
Lair:5:   layout_hall_layers, slime_dummy, basic_altar,
          infiniplex_staircase_pool
Lair:6:   evilmike_catoblepas_cave, layout_gridlike
Orc:1:    layout_caves, serial_shops, roderic_batcave
Orc:2:    st_orc_open, layout_diamond_mine, serial_shops, nicolae_diamond_shop,
          shop, nicolae_shop_advertising_works [nicolae_subvault_shop_adworks],
          special_room

Skill      XL: |  1  2  3  4  5  6  7  8  9 10 11 12 13 14 15 |
---------------+----------------------------------------------+-----
Air Magic      | 5 6 8 9 11 12 13 15 16 18 19 20 | 20.1
Spellcasting   | 3 4 5 6 7 8 |  8.0
Dodging        | 3 4 5 6 9 11 12 14 15 | 15.1
Stealth        | 3 5 6 8 |  8.7
Fighting       | 2 5 9 10 | 10.0
Evocations     | 3 4 6 7 |  7.0
Armour         | 2 3 |  3.0
Conjurations   | 3 4 6 10 | 10.0
Shields        | 4 |  4.0

Action                   |  1- 3 |  4- 6 |  7- 9 | 10-12 | 13-15 || total
-------------------------+-------+-------+-------+-------+-------++-------
Melee: Unarmed           |     3 |       |       |       |       ||     3
       Kick              |     1 |     3 |     3 |     2 |     6 ||    15
       Peck              |     1 |     2 |     1 |     2 |     5 ||    11
       Staff             |       |     9 |    11 |     6 |    17 ||    43
 Cast: Shock             |    56 |   147 |   200 |   358 |   533 ||  1294
       Static Discharge  |       |    12 |    20 |    94 |   203 ||   329
       Airstrike         |       |       |    32 |   127 |   234 ||   393
       Lightning Bolt    |       |       |       |       |   135 ||   135
Evoke: Wand              |       |       |     1 |       |     7 ||     8
  Use: Scroll            |       |       |    11 |    11 |    11 ||    33
       Potion            |       |       |       |     2 |     2 ||     4
Armor: Robe              |     2 |     4 |       |    30 |    38 ||    74
       Animal skin       |       |     5 |    20 |    14 |       ||    39
Dodge: Dodged            |    19 |    40 |    71 |   285 |   332 ||   747
Block: Buckler           |       |       |       |    10 |   162 ||   172
       Reflection        |       |       |       |       |    13 ||    13

Table legend: (Time is in decaauts)
 A = Elapsed time spent in this place.
 B = Non-inter-level travel time spent in this place.
 C = Inter-level travel time spent in this place.
 D = Time resting spent in this place.
 E = Time spent auto-exploring this place.
 F = Levels seen in this place.
 G = Mean time per level.
                   A        B        C        D        E       F      G
               +--------+--------+--------+--------+--------+-----+--------+
         Total |  33132 |  31685 |   1447 |   8147 |  18673 |  23 | 1440.5 |
       Dungeon |  19428 |  18558 |    870 |   4617 |  11333 |  13 | 1494.5 |
        Temple |     67 |     54 |     13 |      0 |     45 |   1 |   67.0 |
          Lair |  10161 |   9656 |    505 |   2345 |   5696 |   6 | 1693.5 |
  Orcish Mines |   2386 |   2329 |     57 |    835 |   1040 |   2 | 1193.0 |
       Volcano |   1088 |   1088 |      0 |    348 |    557 |   1 | 1088.0 |
               +--------+--------+--------+--------+--------+-----+--------+

Top non-repeatable levels by time:
  Lair:6: 2732 daAuts
    D:11: 2152 daAuts
     D:3: 2132 daAuts
    D:10: 1896 daAuts
  Lair:1: 1852 daAuts
   Orc:1: 1805 daAuts
     D:6: 1650 daAuts
  Lair:5: 1634 daAuts
  Lair:4: 1618 daAuts
     D:8: 1587 daAuts
     D:9: 1576 daAuts
     D:1: 1559 daAuts
     D:2: 1443 daAuts
  Lair:2: 1372 daAuts
    D:13: 1256 daAuts
